 Dungeon Crawl Stone Soup version 0.28-a0-794-gafe8c5f9e9 (webtiles) character file.

Game seed: 2289594667136641126

19 kae the Caller (level 2, -1/16 HPs)
             Began as a Tengu Summoner on Nov 5, 2021.
             Succumbed to an adder's poison
             ... on level 2 of the Dungeon.
             The game lasted 00:00:42 (1359 turns).

kae the Caller (Tengu Summoner)                     Turns: 1359, Time: 00:00:42

Health: -1/16      AC:  2    Str:  8    XL:     2   Next: 75%
Magic:  4/6        EV: 12    Int: 15    God:
Gold:   26         SH:  0    Dex: 14    Spells: 2/5 levels left

rFire   + . .      SeeInvis .   (no weapon)
rCold   + . .      Faith    .   (no shield)
rNeg    . . .      Spirit   .   a - +0 robe
rPois   +          Reflect  .   (helmet restricted)
rElec   +          Harm     .   (no cloak)
rCorr   +          Rampage  .   (no gloves)
Will    .....                   (boots unavailable)
Stlth   ++........              (no amulet)
HPRegen 0.05/turn               (no ring)
MPRegen 0.10/turn               (no ring)

@: lethally poisoned (-1 -> -8), resistant, studying Bows
A: beak, talons 3
a: no special abilities


You were on level 2 of the Dungeon.
You visited 1 branch of the dungeon, and saw 2 of its levels.

You collected 26 gold pieces.

Inventory:

Armour
 a - a +0 robe (worn)
Scrolls
 c - 3 scrolls of amnesia
Potions
 b - a potion of cancellation
 e - a potion of invisibility {unknown}
 f - a potion of brilliance {unknown}


   Skills:
 + Level 0.9 Fighting
 - Level 2.1 Dodging
 - Level 2.0 Stealth
 + Level 2.2 Spellcasting
 * Level 5.3 Summonings


You had 2 spell levels left.
You knew the following spells:

 Your Spells              Type           Power      Damage    Failure   Level
a - Summon Small Mammal   Summ           68%        N/A       2%          1
b - Call Imp              Summ           17%        N/A       3%          2

Your spell library contained the following spells:

 Spells                   Type           Power      Damage    Failure   Level
 Call Canine Familiar     Summ           17%        N/A       8%          3
 Summon Guardian Golem    Hex/Summ       9%         N/A       22%         3
 Summon Lightning Spire   Summ/Air       9%         N/A       58%         4


Dungeon Overview and Level Annotations

Branches:
Dungeon (2/15)

Altars:

Annotations:
D:2 1 runed translucent door, Crazy Yiuf


Innate Abilities, Weirdness & Mutations

You have a beak for a mouth.
You have claws for feet.


Message History

No target in view!
No target in view!
Memorise Call Imp, consuming 2 spell levels and leaving 2?
You start memorising the spell.
You continue memorising. x2
You finish memorising.
Spell assigned to 'b'.
Magic restored.
An adder is nearby!
An adder is nearby!
An adder is nearby!
Casting: Summon Small Mammal (safe; 2% risk of failure)
Confirm with . or Enter, or press ? or * to list all spells.
A beastly little devil appears in a puff of flame.
The adder hisses angrily.
You swap places.
Your quokka disappears in a puff of smoke!
The adder bites you.
You are poisoned.
The adder poisons you!
You are too injured to fight recklessly!
You are too injured to fight recklessly!
You are too injured to fight recklessly!
You are too injured to fight recklessly!
You are too injured to fight recklessly!
You miss the adder.
You feel sick. The adder bites you.
* * * LOW HITPOINT WARNING * * *
You are lethally poisoned!
The adder poisons you!
Your crimson imp blinks!
You swap places.
* * * LOW HITPOINT WARNING * * *
You feel very sick.
Your rat disappears in a puff of smoke!
The adder closely misses you.
Your crimson imp blinks!
It was a potion of cancellation.
You feel magically purged.
* * * LOW HITPOINT WARNING * * *
You feel sick. The adder closely misses you.
It was a potion of resistance.
You feel protected.
You die...

#..................###..
#..................###..
##..................#.+..
......[.######.....<#.#..
#######.# #......#.#..
#.######......#..#.
#...........#.##.#.
######.........###....#.
#.....S@.......# ######.
#.#####..†.....# ... #!.
#......5.###.## #. ..S.
####............+. ......
###...###.####. #....S.+
+...+ ... +. #......#
#...###.# #. #......#
#.......# ## #.......# #


You could see an adder (ally target) and a friendly crimson imp (summoned).

Vanquished Creatures
  A giant cockroach (D:2)
  A hobgoblin (D:1)
  A ball python (D:2)
  3 frilled lizards
  3 rats
9 creatures vanquished.

Vanquished Creatures (collateral kills)
  A worm (D:2)
  A ball python (D:1)
  A giant cockroach (D:1)
  A hobgoblin (D:1)
  2 jackals (D:2)
  A bat (D:2)
  A rat (D:1)
8 creatures vanquished.

Grand Total: 17 creatures vanquished

Notes
Turn   | Place    | Note
-------+----------+-------------------------------------------
     0 | D:1      | kae the Tengu Summoner began the quest for the Orb.
     0 | D:1      | Reached XP level 1. HP: 10/10 MP: 4/4
   161 | D:1      | Found a faded altar of an unknown god.
   164 | D:1      | Reached skill level 5 in Summonings
   308 | D:1      | Reached XP level 2. HP: 13/16 MP: 4/6
   881 | D:2      | Found a runed translucent door.
   882 | D:2      | Noticed Crazy Yiuf
  1337 | D:2      | Learned a level 2 spell: Call Imp
  1359 | D:2      | Succumbed to an adder's poison

Illustrated notes

Levels and vault maps discovered:
D:1:      wander_arrival_lonely_grave, layout_basic,
          hellmonk_ecumenical_altar_lost_god
D:2:      layout_basic, minmay_split_cup_small, uniq_crazy_yiuf_cottage,
          uniq_natasha

Skill      XL: |  1 |
---------------+----+-----
Summonings     | 5 |  5.3
Fighting       | |  0.9
Dodging        | |  2.1
Stealth        | |  2.0
Spellcasting   | |  2.2

Action                   || total
-------------------------++-------
Melee: Unarmed           ||    38
       Kick              ||    14
       Peck              ||     6
 Cast: Summon Small Mamm ||    18
       Call Imp          ||     1
  Use: Potion            ||     2
       Scroll            ||     1
 Stab: Sleeping          ||     2
Armor: Robe              ||    10
Dodge: Dodged            ||    44

Table legend: (Time is in decaauts)
 A = Elapsed time spent in this place.
 B = Non-inter-level travel time spent in this place.
 C = Inter-level travel time spent in this place.
 D = Time resting spent in this place.
 E = Time spent auto-exploring this place.
 F = Levels seen in this place.
 G = Mean time per level.
                   A        B        C        D        E       F      G
               +--------+--------+--------+--------+--------+-----+--------+
         Total |   1358 |   1311 |     47 |    273 |    855 |   2 |  679.0 |
       Dungeon |   1358 |   1311 |     47 |    273 |    855 |   2 |  679.0 |
               +--------+--------+--------+--------+--------+-----+--------+

Top non-repeatable levels by time:
     D:1: 691 daAuts
     D:2: 667 daAuts
